[Event "Titled Tuesday Blitz October 18 Late 2022"]
[White "Iliaguev, Nisim"]
[Black "Bluebaum, Matthias"]
[WhiteFideId "2817276"]
[BlackFideId "24651516"]
[WhiteElo "2264"]
[BlackElo "2633"]
[Result "0-1"]
[Round "09"]
[TimeControl "180+1"]
[Date "2022.10.18"]
[WhiteClock "0:00:04"]
[BlackClock "0:00:08"]

1. c4 e6 2. g3 d5 3. Bg2 Nf6 4. Nf3 dxc4 5. O-O a6 6. a4 Nc6 7. Qc2 Na5 8. Na3 Qd5 9. Rd1 Qf5 10. d3 cxd3 11. Rxd3 Nc6 12. Nh4 Nb4 13. Qxc7 Nfd5 14. Bxd5 Qxd3 15. exd3 Nxd5 16. Qc2 Be7 17. Nf3 O-O 18. Nc4 b6 19. Be3 Bb7 20. Qe2 b5 21. axb5 axb5 22. Rxa8 Rxa8 23. Nb6 Ra1+ 24. Kg2 Nf6 25. Qc2 Nd5 26. Nxd5 Bxd5 27. Qc8+ Bf8 28. Bc5 Ra8 29. Qc7 Bxc5 30. Qxc5 g5 31. g4 h5 32. Kg3 h4+ 33. Kg2 Ra4 34. d4 Kg7 35. Qc1 f6 36. Qc7+ Kg6 37. Qd8 Rxd4 38. Qg8+ Kh6 39. Qf8+ Kg6 40. Qe8+ Kg7 41. Qxb5 Rxg4+ 42. Kf1 Bc4+ 0-1


[Site "https://www.chess.com"]

[Event "Titled Tuesday Blitz October 18 Late 2022"]
[White "Izuzquiza Gonzalez, Javier"]
[Black "Ardila, Oscar Humberto"]
[WhiteFideId "3101029"]
[BlackFideId "4404742"]
[WhiteElo "2034"]
[BlackElo "1898"]
[Result "0-1"]
[Round "09"]
[TimeControl "180+1"]
[Date "2022.10.19"]
[WhiteClock "0:00:05"]
[BlackClock "0:00:03"]

1. d4 Nf6 2. c4 g6 3. Nf3 Bg7 4. g3 O-O 5. Bg2 d6 6. O-O Nbd7 7. Nc3 c6 8. h3 Qc7 9. e4 e5 10. Qc2 Re8 11. Be3 Nf8 12. Rad1 Ne6 13. Rfe1 Bd7 14. a3 Rad8 15. b4 b6 16. Kh2 a5 17. Qd2 axb4 18. axb4 Bc8 19. Qc2 Bb7 20. Ra1 Ra8 21. Qb2 Nh5 22. dxe5 dxe5 23. Na4 c5 24. bxc5 bxc5 25. Nb6 Rxa1 26. Rxa1 Bxe4 27. Nd5 Bxd5 28. cxd5 Nd4 29. Nd2 e4 30. Qa2 f5 31. Qc4 Qd6 32. Ra5 Rc8 33. Nb3 Nxb3 34. Qxb3 c4 35. Qb7 Qc7 36. Qxc7 Rxc7 37. d6 Rd7 38. Rd5 Nf6 39. Rd1 Ne8 40. Bf4 g5 41. h4 gxf4 42. gxf4 Rxd6 43. Rc1 c3 44. Bf1 Rd2 45. Bc4+ Kf8 46. Kg3 Bf6 47. h5 Nd6 48. Be6 Ke7 49. Ba2 Bd4 50. h6 Rxf2 51. Kh4 Rxf4+ 52. Kg5 Rg4+ 53. Kh5 Kf6 54. Bb3 Be5 55. Ra1 Bf4 56. Ra8 Rg5+ 57. Kh4 Rg4+ 58. Kh5 Rg3 59. Kh4 Rg2 60. Rf8+ Ke5 61. Ra8 Rh2# 0-1


[Site "https://www.chess.com"]

[Event "Titled Tuesday Blitz October 18 Late 2022"]
[White "Jaferian, Koosha"]
[Black "Timmermans, Mark"]
[WhiteFideId "12507440"]
[BlackFideId "1026399"]
[WhiteElo "2127"]
[BlackElo "2460"]
[Result "0-1"]
[Round "09"]
[TimeControl "180+1"]
[Date "2022.10.18"]
[WhiteClock "0:00:30"]
[BlackClock "0:01:29"]

1. e4 e5 2. Nf3 Nc6 3. d4 exd4 4. Nxd4 Nf6 5. Nc3 Bb4 6. Nxc6 bxc6 7. Bd3 d5 8. exd5 O-O 9. O-O cxd5 10. h3 c6 11. Qf3 Be7 12. Bf4 Re8 13. Rfe1 Be6 14. Rad1 Nd7 15. Ne2 c5 16. b3 Qb6 17. Ng3 Rac8 18. Bf5 Bf8 19. Re2 Bxf5 20. Rxe8 Rxe8 21. Nxf5 Nf6 22. Bg5 Ne4 23. Bf4 d4 24. Re1 Ng5 25. Rxe8 Nxf3+ 26. gxf3 Qg6+ 27. Ng3 f5 28. Re5 Bd6 29. Rxf5 Bxf4 30. Rxf4 Qxc2 31. Nf5 Qc1+ 0-1


[Site "https://www.chess.com"]

[Event "Titled Tuesday Blitz October 18 Late 2022"]
[White "Jimenez Almeida, Luis David"]
[Black "Petrovic, Aleksa"]
[WhiteFideId "22242244"]
[BlackFideId "967629"]
[WhiteElo "2158"]
[BlackElo "2242"]
[Result "1-0"]
[Round "09"]
[TimeControl "180+1"]
[Date "2022.10.19"]
[WhiteClock "0:00:58"]
[BlackClock "0:00:02"]

1. e4 c6 2. Nc3 d5 3. Qf3 e6 4. Nh3 Nf6 5. e5 Nfd7 6. d4 c5 7. Ng5 Qe7 8. Nb5 Nxe5 9. dxe5 Qd7 10. Bf4 Nc6 11. c3 a6 12. Nd6+ Bxd6 13. exd6 f6 14. Nh3 e5 15. Bg3 Qxd6 16. Bd3 Be6 17. Bf5 Qd7 18. Qh5+ Qf7 19. Qxf7+ Kxf7 20. Bxe6+ Kxe6 21. O-O-O d4 22. Rhe1 g5 23. f4 Kf5 24. fxg5 fxg5 25. Nf2 h5 26. h3 h4 27. Bh2 b6 28. Ng4 e4 29. Rf1+ Ke6 30. Rf6+ Kd7 31. Rd6+ Kc7 32. R6xd4+ Kb7 33. Rd7+ 1-0


[Site "https://www.chess.com"]

[Event "Titled Tuesday Blitz October 18 Late 2022"]
[White "Jobava, Baadur"]
[Black "Li, Ruifeng"]
[WhiteFideId "13601520"]
[BlackFideId "2061074"]
[WhiteElo "2582"]
[BlackElo "2441"]
[Result "1-0"]
[Round "09"]
[TimeControl "180+1"]
[Date "2022.10.18"]
[WhiteClock "0:00:56"]
[BlackClock "0:00:04"]

1. b3 b6 2. Bb2 Bb7 3. c4 e6 4. Nf3 Nf6 5. g3 g6 6. Bg2 Bg7 7. O-O O-O 8. d3 d6 9. Nbd2 Nbd7 10. e3 e5 11. Re1 Rb8 12. Qc2 a6 13. h3 Qe7 14. Kh2 h6 15. b4 Nh5 16. a4 f5 17. a5 g5 18. axb6 cxb6 19. e4 g4 20. Nh4 Nf4 21. Nf1 Nxg2 22. Kxg2 Qg5 23. Ne3 gxh3+ 24. Kxh3 fxe4 25. dxe4 Nf6 26. f3 Nh5 27. Nef5 Bc8 28. Rg1 Be6 29. Bc1 Qd8 30. g4 Nf4+ 31. Bxf4 exf4 32. Rad1 Be5 33. Nxh6+ Kg7 34. N6f5+ Kf7 35. Kg2 Qg5 36. Rh1 Rbc8 37. Rd5 Rh8 38. Nxd6+ Kf6 39. Nxc8 Bxg4 40. Rxe5 Bh3+ 41. Kf2 Qxh4+ 42. Ke2 Kxe5 43. Qc3+ Ke6 44. Nxb6 Rg8 45. Nd5 Rg2+ 46. Kd3 Rf2 47. Rxh3 Qxh3 48. Nxf4+ Kd6 49. Nxh3 Rxf3+ 50. Kc2 Rxc3+ 51. Kxc3 1-0


[Site "https://www.chess.com"]

[Event "Titled Tuesday Blitz October 18 Late 2022"]
[White "Kanakaris, Georgios"]
[Black "Rangel, Daniel"]
[WhiteFideId "4209460"]
[BlackFideId "2124475"]
[WhiteElo "2291"]
[BlackElo "2225"]
[Result "1-0"]
[Round "09"]
[TimeControl "180+1"]
[Date "2022.10.18"]
[WhiteClock "0:00:41"]
[BlackClock "0:00:09"]

1. d4 Nf6 2. Nf3 g6 3. g3 Bg7 4. Bg2 O-O 5. O-O b6 6. Ne5 c6 7. c4 Bb7 8. Nc3 d6 9. Nd3 Nbd7 10. e4 e5 11. d5 cxd5 12. cxd5 Ba6 13. Re1 Nc5 14. Nb4 Bb7 15. Bg5 a5 16. Nc6 Qd7 17. Qf3 Nh5 18. Ne7+ Kh8 19. Nf5 gxf5 20. Qxh5 fxe4 21. Nxe4 Nxe4 22. Rxe4 f5 23. Rh4 Bf6 24. Rc1 Bxg5 25. Qxg5 Rac8 26. Rxc8 Bxc8 27. Rh6 Qc7 28. h4 f4 29. Qg6 f3 30. Bf1 Bf5 31. Qxd6 Qg7 32. Qxb6 e4 33. Rd6 Re8 34. Rd8 Qf7 35. Rxe8+ Qxe8 36. Qf6+ Kg8 37. Qxf5 e3 38. Qg5+ 1-0


[Site "https://www.chess.com"]

[Event "Titled Tuesday Blitz October 18 Late 2022"]
[White "Kanter, Eduard"]
[Black "Kaganskiy, Gleb"]
[WhiteFideId "4103963"]
[BlackFideId "4132025"]
[WhiteElo "2267"]
[BlackElo "2165"]
[Result "1-0"]
[Round "09"]
[TimeControl "180+1"]
[Date "2022.10.19"]
[WhiteClock "0:00:50"]
[BlackClock "0:00:27"]

1. d4 d5 2. c4 e6 3. Nf3 c6 4. g3 Nf6 5. Bg2 Be7 6. O-O O-O 7. Nc3 b6 8. Nd2 Bb7 9. e4 c5 10. cxd5 exd5 11. e5 Ne4 12. Ndxe4 dxe4 13. d5 f5 14. exf6 Bxf6 15. Nxe4 Bd4 16. Ng5 Bxd5 17. Qh5 h6 18. Ne6 Bxe6 19. Bxa8 Nd7 20. Bg2 Nf6 21. Qe2 Bg4 22. Qc4+ Kh8 23. Be3 Bxe3 24. fxe3 Qd2 25. Qc3 Qxc3 26. bxc3 Re8 27. h3 Be2 28. Rfe1 Bc4 29. Rad1 Kg8 30. e4 Re5 31. Rd8+ Kf7 32. Ra8 Bxa2 33. Rxa7+ 1-0


[Site "https://www.chess.com"]

[Event "Titled Tuesday Blitz October 18 Late 2022"]
[White "Keymer, Vincent"]
[Black "Maksimovic, Bojan"]
[WhiteFideId "12940690"]
[BlackFideId "14408120"]
[WhiteElo "2600"]
[BlackElo "2447"]
[Result "0-1"]
[Round "09"]
[TimeControl "180+1"]
[Date "2022.10.18"]
[WhiteClock "0:00:03"]
[BlackClock "0:00:03"]

1. Nf3 Nf6 2. c4 g6 3. Nc3 Bg7 4. e4 d6 5. d4 O-O 6. Be2 Nbd7 7. O-O e5 8. Be3 c6 9. Qc2 Qe7 10. Rad1 h6 11. h3 exd4 12. Bxd4 Re8 13. Rfe1 Ne5 14. Be3 Nh7 15. Nh2 Be6 16. b3 f5 17. Qd2 Rad8 18. Bxh6 g5 19. Bxg7 Qxg7 20. exf5 Bxf5 21. Ng4 Bxg4 22. Bxg4 Nf6 23. Bf5 g4 24. Re3 Nf3+ 25. Rxf3 gxf3 26. g3 d5 27. cxd5 Nxd5 28. Ne4 Re5 29. Qf4 Rf8 30. Rxd5 cxd5 31. Nd6 d4 32. Kh2 d3 33. Qxf3 d2 34. Qd3 Rexf5 35. Nxf5 Rxf5 36. Qxd2 Rf8 37. Qd5+ Qf7 38. Qg5+ Qg7 39. Qd5+ Qf7 40. Qg5+ Kh7 41. Qh4+ Kg7 42. Qg5+ Qg6 43. Qe7+ Rf7 44. Qe3 Qf6 45. Kg2 Qc6+ 46. Kg1 a6 47. Qe5+ Qf6 48. Qe3 Qf3 49. Qg5+ Kh7 50. Qc5 Rd7 51. Kh2 Qd5 52. Qe3 Qd3 53. Qe5 Rf7 54. Qh5+ Kg8 55. Qg5+ Kf8 56. Qh6+ Ke8 57. Qh8+ Kd7 58. Qb2 Kc7 59. h4 Kb6 60. Qc1 Ka7 61. Kg1 Qf3 62. Qc5+ b6 63. Qd4 Qf5 64. Qe3 Rd7 65. Kh2 Qd5 66. g4 Qd6+ 67. Kg2 Re7 68. Qf3 Qe6 69. h5 Rf7 70. Qg3 Qe4+ 71. f3 Qe2+ 72. Qf2 Qe5 73. Qg3 Qb2+ 74. Qf2 Qf6 75. Qe2 Qg5 76. Qd3 Re7 77. Kg3 a5 78. f4 Qc5 79. Kh4 Qc7 80. Qf3 Rg7 81. g5 Qc2 82. h6 Rd7 83. Kh5 Qxa2 84. g6 Qh2+ 85. Kg5 Qg1+ 86. Kf6 Rd6+ 87. Ke5 Qxg6 88. f5 Qf6+ 89. Ke4 Qd4# 0-1


[Site "https://www.chess.com"]

[Event "Titled Tuesday Blitz October 18 Late 2022"]
[White "Kovacevic, Radmila"]
[Black "Hajiyev, Kanan"]
[WhiteFideId "933171"]
[BlackFideId "13404148"]
[WhiteElo "2208"]
[BlackElo "2118"]
[Result "1-0"]
[Round "09"]
[TimeControl "180+1"]
[Date "2022.10.19"]
[WhiteClock "0:00:46"]
[BlackClock "0:00:09"]

1. e4 c6 2. d4 d5 3. e5 a6 4. Be3 Bf5 5. Nd2 e6 6. g4 Bg6 7. Bg2 h5 8. f3 hxg4 9. fxg4 Nh6 10. Bf3 c5 11. c3 cxd4 12. cxd4 Nc6 13. a3 Qb6 14. Qb3 Qa7 15. Ne2 Be7 16. h4 Ng8 17. h5 Bh7 18. Rc1 Rc8 19. O-O f6 20. Kg2 Kd7 21. Rc3 Qb8 22. Bxd5 exd5 23. Qxd5+ Ke8 24. Bf4 fxe5 25. dxe5 Rd8 26. Qf3 Qa7 27. Rxc6 bxc6 28. Be3 Qd7 29. Qf7# 1-0


[Site "https://www.chess.com"]

[Event "Titled Tuesday Blitz October 18 Late 2022"]
[White "Kowalysko, Roman"]
[Black "Ismayil, Malak"]
[WhiteFideId "30918510"]
[BlackFideId "13412604"]
[WhiteElo "2147"]
[BlackElo "1879"]
[Result "0-1"]
[Round "09"]
[TimeControl "180+1"]
[Date "2022.10.19"]
[WhiteClock "0:00:34"]
[BlackClock "0:00:13"]

1. e4 e5 2. Nc3 Nc6 3. Nf3 Nf6 4. Bb5 d6 5. d4 exd4 6. Nxd4 Bd7 7. O-O Be7 8. Nxc6 bxc6 9. Bd3 O-O 10. f4 Re8 11. Qf3 Bf8 12. b3 c5 13. Bb2 Bc6 14. Nd5 Nxd5 15. exd5 Bd7 16. Qg3 f5 17. Rae1 g6 18. Rxe8 Qxe8 19. Rf3 Qf7 20. Bc4 Bg7 21. Be5 dxe5 22. fxe5 Qe8 23. e6 Bb5 24. Qxc7 Bxc4 25. bxc4 Qb8 26. Qf7+ Kh8 27. e7 Qb1+ 28. Kf2 Qxc2+ 29. Kg3 Qe4 30. d6 Be5+ 31. Kf2 Bd4+ 32. Kf1 Qb1+ 33. Ke2 Qc2+ 34. Kf1 Qd1# 0-1


[Site "https://www.chess.com"]

[Event "Titled Tuesday Blitz October 18 Late 2022"]
[White "Licznerski, Lukasz"]
[Black "Yuan, Qingyu"]
[WhiteFideId "1179250"]
[BlackFideId "8609772"]
[WhiteElo "2403"]
[BlackElo "2359"]
[Result "0-1"]
[Round "09"]
[TimeControl "180+1"]
[Date "2022.10.18"]
[WhiteClock "0:00:02"]
[BlackClock "0:00:26"]

1. e4 c6 2. d4 d5 3. Nc3 dxe4 4. Nxe4 Nf6 5. Nxf6+ exf6 6. Bc4 Bd6 7. Qe2+ Be7 8. Nf3 O-O 9. O-O Bd6 10. Re1 a5 11. Qe4 Na6 12. Qh4 Bf5 13. c3 Nc7 14. Qh5 Qd7 15. h3 b5 16. Bf1 a4 17. Nh4 Be6 18. Bd3 g6 19. Qf3 f5 20. Qd1 Rfe8 21. Nf3 Nd5 22. Ng5 Bc7 23. Qf3 Qd6 24. g3 Bd7 25. Qd1 a3 26. Nf3 f4 27. g4 c5 28. Rxe8+ Rxe8 29. Ne5 c4 30. Bf1 Bc8 31. Qf3 f6 32. Nxc4 bxc4 33. Bxc4 Bb7 34. Bxf4 Qxf4 35. Bxd5+ Bxd5 36. Qxd5+ Kf8 37. bxa3 Qh2+ 38. Kf1 Qxh3+ 39. Qg2 Qxc3 40. Qd5 Qxa1+ 0-1


[Site "https://www.chess.com"]

[Event "Titled Tuesday Blitz October 18 Late 2022"]
[White "Lima, Endson Dos Santos"]
[Black "Bongo Akanga Ndjila, Barthelemy"]
[WhiteFideId "2133199"]
[BlackFideId "10609431"]
[WhiteElo "1953"]
[BlackElo "1768"]
[Result "1-0"]
[Round "09"]
[TimeControl "180+1"]
[Date "2022.10.19"]
[WhiteClock "0:00:18"]
[BlackClock "0:00:01"]

1. e4 c6 2. d4 d5 3. exd5 cxd5 4. c4 Nf6 5. cxd5 Nxd5 6. Nc3 Nb6 7. Nf3 Bg4 8. Be2 e6 9. O-O Be7 10. Bf4 O-O 11. h3 Bh5 12. a4 Nd5 13. Bg3 Nc6 14. Ne5 Bxe2 15. Nxe2 Ncb4 16. Nc3 a6 17. Qg4 Rc8 18. Rad1 Nxc3 19. bxc3 Rxc3 20. Rfe1 Nd5 21. f4 Bf6 22. f5 exf5 23. Qxf5 Rxg3 24. Ng4 Rxg4 25. hxg4 Qd6 26. g5 Bd8 27. Rf1 Bb6 28. Rde1 Bc7 29. Re5 Nc3 30. Rf3 Nxa4 31. Rd5 Qc6 32. Rd7 Qc1+ 33. Rf1 Qc4 34. Qe4 Bb6 35. Rdxf7 1-0


[Site "https://www.chess.com"]

[Event "Titled Tuesday Blitz October 18 Late 2022"]
[White "Lizak, Peter"]
[Black "Galchenko, Matvey"]
[WhiteFideId "731595"]
[BlackFideId "24175480"]
[WhiteElo "2420"]
[BlackElo "2423"]
[Result "0-1"]
[Round "09"]
[TimeControl "180+1"]
[Date "2022.10.18"]
[WhiteClock "0:00:01"]
[BlackClock "0:00:04"]

1. d4 Nf6 2. Nc3 c5 3. d5 d6 4. e4 g6 5. Bb5+ Bd7 6. a4 Bg7 7. Nf3 O-O 8. h3 Bxb5 9. axb5 a6 10. O-O Ne8 11. Re1 Nc7 12. e5 Nd7 13. exd6 exd6 14. bxa6 Rxa6 15. Rxa6 Nxa6 16. Bf4 Nb6 17. Ne4 Nc8 18. c3 Nc7 19. Qd2 Re8 20. Bh6 f5 21. Ng3 Rxe1+ 22. Nxe1 Bxh6 23. Qxh6 Nxd5 24. Nf3 Nf6 25. Qg5 Kf7 26. h4 Ne7 27. h5 Qf8 28. Qf4 Ned5 29. Qc4 Kg7 30. Qh4 Qe7 31. Qg5 Qe6 32. Nh4 Qe1+ 33. Kh2 Ng4+ 34. Kh3 Nxf2+ 35. Kh2 Ng4+ 36. Kh3 Nf2+ 37. Kh2 Qe5 38. Nxf5+ Kf7 39. hxg6+ hxg6 40. Nh6+ Kf8 41. Qxg6 Qf6 42. Qg8+ Ke7 43. Ngf5+ Kd7 44. Qb8 Qe5+ 45. g3 Ng4+ 46. Kh3 Nxh6 47. Qxb7+ Nc7 48. Nh4 Nf5 49. Qf3 Nxh4 50. gxh4 Qe6+ 51. Kg3 Nd5 52. h5 Qe5+ 53. Kh4 Nf6 54. h6 Ke7 0-1


[Site "https://www.chess.com"]

[Event "Titled Tuesday Blitz October 18 Late 2022"]
[White "Machidon, Cristi"]
[Black "Pham, Khoi"]
[WhiteFideId "13904590"]
[BlackFideId "1054988"]
[WhiteElo "2312"]
[BlackElo "2464"]
[Result "1-0"]
[Round "09"]
[TimeControl "180+1"]
[Date "2022.10.19"]
[WhiteClock "0:02:41"]
[BlackClock "0:02:44"]

1. f4 f5 2. Nf3 Nf6 3. g3 g6 4. Bg2 Bg7 5. d3 O-O 6. O-O d6 7. Nbd2 Nc6 8. e4 e5 9. fxe5 dxe5 10. exf5 Bxf5 11. Nc4 Ng4 12. h3 Qd4+ 13. Nxd4 1-0


[Site "https://www.chess.com"]

[Event "Titled Tuesday Blitz October 18 Late 2022"]
[White "Manukian, Artak"]
[Black "Zverev, Lev"]
[WhiteFideId "13301373"]
[BlackFideId "24250775"]
[WhiteElo "2487"]
[BlackElo "2207"]
[Result "1-0"]
[Round "09"]
[TimeControl "180+1"]
[Date "2022.10.18"]
[WhiteClock "0:00:14"]
[BlackClock "0:00:36"]

1. e4 g5 2. d4 Bg7 3. h4 gxh4 4. Rxh4 e5 5. Rg4 Bf6 6. dxe5 Bxe5 7. Nf3 Bf6 8. e5 d6 9. Rxg8+ Rxg8 10. exf6 Qxf6 11. Nc3 c6 12. Qe2+ Be6 13. Ne4 Qd8 14. Bf4 Nd7 15. Nxd6+ Kf8 16. Bh6+ Ke7 17. O-O-O Qb6 18. Nf5+ Kd8 19. N5d4 Bd5 20. c4 c5 21. Bg5+ Rxg5 22. Nxg5 cxd4 23. cxd5 Rc8+ 24. Kb1 Qg6+ 25. Ne4 f5 26. Ng3 Nc5 27. Qe5 f4+ 28. Nf5 Nd7 29. Qe7+ Kc7 30. Rc1+ Kb8 31. Rxc8+ Kxc8 32. Bd3 Qxg2 33. Nd6+ Kc7 34. Nb5+ Kb6 35. Qxd7 Qg1+ 36. Kc2 Qxf2+ 37. Kb3 a6 38. Qc7# 1-0


[Site "https://www.chess.com"]

[Event "Titled Tuesday Blitz October 18 Late 2022"]
[White "Martin Carmona, Gaston Manuel"]
[Black "Gubajdullin, Alexei"]
[WhiteFideId "22284567"]
[BlackFideId "4141202"]
[WhiteElo "2235"]
[BlackElo "2200"]
[Result "1/2-1/2"]
[Round "09"]
[TimeControl "180+1"]
[Date "2022.10.19"]
[WhiteClock "0:00:02"]
[BlackClock "0:00:03"]

1. d4 Nf6 2. Nf3 g6 3. c4 Bg7 4. g3 O-O 5. Bg2 d6 6. Nc3 Nc6 7. O-O a6 8. d5 Na5 9. b3 c5 10. dxc6 bxc6 11. Bb2 c5 12. Ne1 Rb8 13. Nd3 Bb7 14. Bxb7 Rxb7 15. Qc2 Nc6 16. e3 Qa8 17. Nf4 Ne5 18. f3 e6 19. Kg2 Rd7 20. Rad1 Qc6 21. Qe2 g5 22. Nd3 Nxd3 23. Rxd3 g4 24. Kg1 gxf3 25. Qxf3 Qxf3 26. Rxf3 Ng4 27. Rd2 Rb8 28. Ne4 Bxb2 29. Rxb2 f5 30. Ng5 Re8 31. Rd2 h6 32. Nh3 Nf6 33. Nf4 Ne4 34. Rd1 Rg7 35. Rff1 Kf7 36. Rd3 Ke7 37. Rfd1 Rg5 38. Nh3 Rg4 39. Nf2 Nxf2 40. Kxf2 Rd8 41. Kf3 h5 42. h3 Rg6 43. e4 fxe4+ 44. Kxe4 Rg5 45. h4 Re5+ 46. Kf3 Rf8+ 47. Kg2 Re2+ 48. Kg1 Rff2 49. Rxd6 Rg2+ 50. Kh1 Rh2+ 51. Kg1 Reg2+ 52. Kf1 Rxa2 53. Kg1 Rag2+ 54. Kf1 Rxg3 55. Rxa6 Rxb3 56. Ra7+ Kf6 57. Rad7 Rxh4 58. Kg2 Rxc4 59. Rh7 Rc2+ 60. Kg1 Rg3+ 61. Kh1 Rh3+ 62. Kg1 Rhh2 63. Re1 Rcg2+ 64. Kf1 Rh1+ 65. Kxg2 Rxe1 66. Rxh5 Re5 67. Rh8 Rf5 68. Rc8 Ke7 69. Rc6 Kd7 70. Ra6 c4 71. Ra4 Rc5 72. Kf3 c3 73. Ra1 c2 74. Rc1 Kd6 75. Ke2 Kd5 76. Kd2 Ke4 77. Re1+ Kd4 78. Kc1 e5 79. Rh1 e4 80. Rh8 Ke3 81. Rh2 Kf3 82. Rh3+ Kg2 83. Re3 Rc4 84. Re1 Kf2 85. Rh1 e3 86. Rh8 e2 87. Rf8+ Ke1 88. Rf7 Ra4 89. Kxc2 Rc4+ 90. Kd3 Rc6 91. Re7 Rd6+ 92. Kc2 Rc6+ 93. Kd3 Rd6+ 94. Kc2 Rd5 95. Kc1 Kf2 96. Rf7+ Ke3 97. Re7+ Kf3 98. Kc2 Kf2 99. Rf7+ Ke1 100. Rf6 Rd4 101. Rf7 Rc4+ 102. Kd3 Ra4 103. Kc2 Rc4+ 1/2-1/2


[Site "https://www.chess.com"]

[Event "Titled Tuesday Blitz October 18 Late 2022"]
[White "Matinian, Nikita"]
[Black "Madaminov, Mukhiddin"]
[WhiteFideId "24129100"]
[BlackFideId "14210703"]
[WhiteElo "2422"]
[BlackElo "2341"]
[Result "1-0"]
[Round "09"]
[TimeControl "180+1"]
[Date "2022.10.18"]
[WhiteClock "0:00:10"]
[BlackClock "0:00:34"]

1. e4 e5 2. Nf3 Nc6 3. Bb5 a6 4. Ba4 Nf6 5. O-O Nxe4 6. d4 b5 7. Bb3 d5 8. dxe5 Be6 9. Nbd2 Be7 10. c3 O-O 11. Bc2 f5 12. exf6 Nxf6 13. Ng5 Bg4 14. f3 Bc8 15. Re1 Qd6 16. Qe2 Re8 17. Bb3 Kf8 18. Qd3 g6 19. Nf1 Ne5 20. Qd1 Nf7 21. Nxf7 Kxf7 22. Bg5 c6 23. Ng3 Be6 24. Qd2 Rad8 25. Re2 Nd7 26. Rae1 Nc5 27. Bxe7 Rxe7 28. Qh6 Kg8 29. Bc2 Rde8 30. Kh1 Bf7 31. Nf5 gxf5 32. Qxd6 Rxe2 33. Rxe2 Rxe2 34. Qg3+ Kf8 35. Bxf5 Rxb2 36. Qd6+ Kg7 37. Qxc5 Kf6 38. Bd3 Rd2 39. Qd4+ Ke6 40. Qe3+ Kd6 41. Qxd2 Kc5 42. Qe3+ Kd6 43. Qf4+ Ke7 44. h4 Be6 45. Bxh7 c5 46. h5 d4 47. cxd4 c4 48. d5 Bxd5 49. Qe5+ Be6 50. Bf5 Kd7 51. Qxe6+ Kc7 52. Qd7+ Kb6 53. h6 Ka5 54. h7 Kb4 55. h8=Q c3 56. Qhd4+ Ka5 57. Qxc3+ Kb6 58. Qdc7# 1-0


[Site "https://www.chess.com"]

[Event "Titled Tuesday Blitz October 18 Late 2022"]
[White "Melikhov, Evgeny V."]
[Black "Bilan, Danila"]
[WhiteFideId "4122046"]
[BlackFideId "24161918"]
[WhiteElo "2169"]
[BlackElo "2203"]
[Result "0-1"]
[Round "09"]
[TimeControl "180+1"]
[Date "2022.10.19"]
[WhiteClock "0:00:06"]
[BlackClock "0:00:44"]

1. d4 d5 2. c4 c6 3. Nc3 Nf6 4. e3 e6 5. Nf3 Nbd7 6. Bd3 Bd6 7. O-O O-O 8. e4 dxc4 9. Bxc4 e5 10. Bg5 Qc7 11. Rc1 exd4 12. Qxd4 Ne5 13. Be2 Nxf3+ 14. Bxf3 Bxh2+ 15. Kh1 Bf4 16. Bxf6 gxf6 17. Nd5 Qe5 18. Nxf6+ Kh8 19. Qxe5 Bxe5 20. Nh5 Bxb2 21. Rb1 Be5 22. Rfd1 b6 23. g3 c5 24. Rd5 Bd4 25. Kg2 Be6 26. e5 Bxd5 27. Bxd5 Rad8 28. f4 Rxd5 29. Nf6 Rdd8 30. Rh1 Kg7 31. Rxh7+ Kg6 32. g4 Rh8 33. f5+ Kg5 34. Rxf7 Bxe5 35. Ne4+ Kf4 36. Nf2 Rd2 0-1


[Site "https://www.chess.com"]

[Event "Titled Tuesday Blitz October 18 Late 2022"]
[White "Mickiewicz, Piotr"]
[Black "Poliakova, Varvara"]
[WhiteFideId "1114891"]
[BlackFideId "13518313"]
[WhiteElo "2246"]
[BlackElo "1938"]
[Result "1/2-1/2"]
[Round "09"]
[TimeControl "180+1"]
[Date "2022.10.19"]
[WhiteClock "0:00:07"]
[BlackClock "0:00:55"]

1. e4 e5 2. Nf3 Nc6 3. Bc4 Bc5 4. d3 Nf6 5. Nbd2 h6 6. c3 d6 7. Bb3 a5 8. Nf1 Ba7 9. Ng3 O-O 10. O-O Be6 11. h3 Qd7 12. Re1 Nh7 13. Nh4 b5 14. Nhf5 a4 15. Qg4 g6 16. Nxh6+ Kh8 17. Bxe6 Qxe6 18. Qxe6 fxe6 19. Be3 Bxe3 20. Rxe3 Kg7 21. Ng4 b4 22. Ne2 bxc3 23. bxc3 Rfb8 24. d4 a3 25. dxe5 Nxe5 26. Nxe5 dxe5 27. Rd3 Nf6 28. f3 Rb2 29. Kf1 Rab8 30. c4 Rc2 31. Rxa3 Rbb2 32. Re3 Nh5 33. Ke1 Nf4 34. Nxf4 exf4 35. Rb3 Rxg2 36. Rxb2 Rxb2 37. a4 Rh2 38. Ra3 Rxh3 39. a5 Rh8 40. a6 Ra8 41. a7 Kf6 42. Ra5 c5 43. Kd2 g5 44. Ke2 Kg6 45. Kf2 Kh5 46. Kg2 Kg6 47. Ra6 Kf6 48. Kh3 Ke5 49. Kg4 Kf6 50. e5+ Kxe5 51. Kxg5 Rg8+ 52. Kh6 Ra8 53. Kg6 Kd4 54. Kf6 e5 55. Kf5 e4 56. Kxf4 e3 57. Rd6+ Kxc4 58. Kxe3 Rxa7 59. Ke4 Re7+ 60. Kf4 Kb5 61. Kg5 c4 62. f4 c3 63. Rd8 Rg7+ 64. Kf6 Rc7 65. Rd1 c2 66. Rc1 Kb4 67. Ke6 Kc3 68. f5 Rc6+ 69. Ke7 Kd2 70. Rxc2+ Kxc2 71. f6 Rc7+ 72. Ke8 Kd3 73. f7 Ke4 74. f8=Q Rc8+ 75. Ke7 Rxf8 76. Kxf8 1/2-1/2


[Site "https://www.chess.com"]

[Event "Titled Tuesday Blitz October 18 Late 2022"]
[White "Mikhailov, Viacheslav"]
[Black "Pranav, V"]
[WhiteFideId "4187369"]
[BlackFideId "25060783"]
[WhiteElo "2381"]
[BlackElo "2430"]
[Result "1-0"]
[Round "09"]
[TimeControl "180+1"]
[Date "2022.10.18"]
[WhiteClock "0:00:03"]
[BlackClock "0:00:13"]

1. Nf3 Nf6 2. g3 g6 3. Bg2 Bg7 4. O-O O-O 5. c4 d6 6. Nc3 e5 7. d3 Nc6 8. Bg5 h6 9. Bxf6 Qxf6 10. Rc1 Qd8 11. Nd5 f5 12. b4 Kh7 13. b5 Ne7 14. Nd2 Nxd5 15. cxd5 Bd7 16. Qb3 Rf7 17. Rc4 Be8 18. Rfc1 a6 19. bxa6 Rxa6 20. Qxb7 Rb6 21. Qa7 c5 22. Qa5 Qb8 23. Nb3 Ra7 24. Qd2 Rba6 25. R4c2 Qa8 26. e4 Rxa2 27. h4 Rxc2 28. Qxc2 Ra3 29. Nd2 Ra2 30. Qd1 f4 31. Nc4 Qd8 32. Ra1 Rxa1 33. Qxa1 fxg3 34. fxg3 Bb5 35. Kh2 Qc7 36. Qa8 h5 37. Bh3 Kh6 38. Qg8 Bxc4 39. dxc4 Qa5 40. Qe6 Qa2+ 41. Bg2 Qa6 42. Bf1 Kh7 43. Kh3 Qb6 44. Be2 Qb2 45. Bf3 Qb3 46. Bg2 Qb8 47. Bf3 Kh6 48. Qe7 Bf8 49. Qg5+ Kh7 50. Qf6 Bg7 51. Qe7 1-0


[Site "https://www.chess.com"]

[Event "Titled Tuesday Blitz October 18 Late 2022"]
[White "Moaataz, Ayah"]
[Black "Cosoi Scherzer, Alejandro"]
[WhiteFideId "10615873"]
[BlackFideId "3401430"]
[WhiteElo "1993"]
[BlackElo "1967"]
[Result "1-0"]
[Round "09"]
[TimeControl "180+1"]
[Date "2022.10.19"]
[WhiteClock "0:01:51"]
[BlackClock "0:00:01"]

1. c4 e5 2. g3 Nf6 3. Bg2 d5 4. cxd5 Nxd5 5. Nf3 Nc6 6. O-O Be7 7. d4 exd4 8. Nxd4 Nxd4 9. Qxd4 Nf6 10. Qa4+ Bd7 11. Qb3 Bc6 12. Bxc6+ bxc6 13. Rd1 Qc8 14. Qf3 Qe6 15. Bf4 Rc8 16. Nc3 O-O 17. Be3 Ra8 18. Rac1 a5 19. Bf4 Rfb8 20. b3 Rb7 21. Na4 h6 22. Rxc6 Qf5 23. Rxf6 Bxf6 24. Qxb7 Re8 25. Qd5 Qg6 26. Qd3 Rf8 27. Qxg6 fxg6 28. Bxc7 Kh7 29. Rd7 Rc8 30. Bxa5 Rc2 31. Rd2 Rc1+ 32. Kg2 1-0


[Site "https://www.chess.com"]